 Dungeon Crawl Stone Soup version 0.30-a0-364-gf6b3ef1049 (webtiles) character file.

Game seed: 12417225410108891336

745 Devinter the Covert (level 7, -4/45 HPs)
             Began as an Octopode Brigand on Nov 16, 2022.
             Was an Initiate of Gozag.
             Slain by Zero's ghost (16 damage)
             ... on level 4 of the Dungeon.
             The game lasted 00:17:37 (3413 turns).

Devinter the Covert (Octopode Brigand)              Turns: 3413, Time: 00:17:38

Health: -4/45      AC:  1    Str: 10    XL:     7   Next: 76%
Magic:  7/10       EV: 13    Int: 13    God:    Gozag
Gold:   161        SH:  0    Dex: 16    Spells: 7/10 levels left

rFire   . . .      SeeInvis .    a - +2 dagger
rCold   . . .      Faith    .    (no shield)
rNeg    . . .      Spirit   .    (helmet restricted)
rPois   .          Reflect  .    (no amulet)
rElec   .          Harm     .    (no ring)
rCorr   .          Rampage  .    (no ring)
Will    .....                    (no ring)
Stlth   +++++.....               (no ring)
HPRegen 0.27/turn                (no ring)
MPRegen 0.12/turn                (no ring)
                                 (no ring)
                                 (no ring)

@: mighty, gold aura, freezing walls
A: almost no armour, amphibious, 8 rings, camouflage 1, gelatinous body 1,
(nimble swimmer 1), tentacles
a: Renounce Religion, Potion Petition, Call Merchant, Bribe Branch


You were on level 4 of the Dungeon.
You worshipped Gozag.
Gozag was aware of your devotion.
You visited 2 branches of the dungeon, and saw 5 of its levels.
You also visited: Ossuary.

You collected 207 gold pieces.
You paid 46 gold pieces to Gozag.

Inventory:

Hand Weapons
 a - a +2 dagger (weapon)
 j - a +0 short sword of speed
Missiles
 b - 16 poisoned darts (quivered)
 c - 3 curare-tipped darts
Jewellery
 C - an amulet of guardian spirit
Wands
 r - a wand of paralysis (11)
Scrolls
 d - a scroll of noise {unknown}
 e - a scroll of poison {unknown}
 f - 5 scrolls of identify {unknown}
 g - 3 scrolls of fear {unknown}
 h - a scroll of acquirement {unknown}
 i - 4 scrolls of teleportation {unknown}
 k - a scroll of enchant weapon {unknown}
 l - 3 scrolls of vulnerability {unknown}
 m - 2 scrolls of enchant armour {unknown}
 o - a scroll of summoning {unknown}
 t - a scroll of amnesia {unknown}
 u - a scroll of silence {unknown}
 y - a scroll of immolation {unknown}
Potions
 n - a potion of might
 p - a potion of berserk rage {unknown}
 q - 5 potions of curing
 s - a potion of brilliance {unknown}
 v - 2 potions of cancellation {unknown}
 w - a potion of attraction {unknown}
 x - a potion of haste {unknown}
 z - a potion of lignification {unknown}
 A - a potion of magic {unknown}
 B - a potion of flight {unknown}


   Skills:
 + Level 2.5 Fighting
 - Level 5.0 Short Blades
 - Level 2.0 Throwing
 - Level 1.0 Dodging
 + Level 9.2 Stealth
 + Level 2.4 Spellcasting
 + Level 2.5 Ice Magic


You had 7 spell levels left.
You knew the following spells:

 Your Spells              Type           Power      Damage    Failure   Level
a - Frozen Ramparts       Ice            16%        1d3       26%         3

Your spell library contained the following spells:

 Spells                   Type           Power      Damage    Failure   Level
 Freeze                   Ice            32%        1d5       9%          1
 Necrotise                Necr           4%         1d4       24%         1
 Hailstorm                Conj/Ice       4%         3d4       41%         3
 Vampiric Draining        Necr           1%         2d6       58%         3
 Agony                    Necr           1%         N/A       100%        5
 Conjure Ball Lightning   Conj/Air       0%         3x3d6     100%        6
 Discord                  Hex            0%         N/A       100%        8
 Disjunction              Tloc           0%         N/A       100%        8


Dungeon Overview and Level Annotations

Branches:
Dungeon (4/15)             Temple (1/1) D:4         Ossuary (visited)

Altars:
Ashenzari
Cheibriados
Dithmenos
Elyvilon
Gozag
Hepliaklqana
Kikubaaqudgha
Nemelex Xobeh
Okawaru
Ru
Sif Muna
Trog
Uskayaw
Vehumet
Xom
Yredelemnul
Zin

Annotations:
D:2 Crazy Yiuf, 1 exclusion
D:4 Zero's ghost, novice DEFE


Innate Abilities, Weirdness & Mutations

You cannot wear most types of armour.
You are amphibious.
You can wear up to eight rings at the same time.
Your skin changes colour to match your surroundings (Stealth+).
Your rubbery body absorbs attacks. (AC +1, EV +1)
((You are camouflaged when in or above water. (Stealth+)))
You have tentacles for arms and can constrict up to eight enemies at once.


Message History

You hit the bullfrog zombie.
The bullfrog zombie is heavily damaged.
You constrict the bullfrog zombie. The bullfrog zombie hits you.
You hit the bullfrog zombie. You squeeze the bullfrog zombie!
You destroy the bullfrog zombie!
Zero's ghost whispers, "There is no future for you."
You hit the howler monkey skeleton. You grab the howler monkey skeleton.
You squeeze the howler monkey skeleton.
The howler monkey skeleton is moderately damaged.
You constrict the howler monkey skeleton.
The howler monkey skeleton misses you.
You hit the howler monkey skeleton. You squeeze the howler monkey skeleton!
You destroy the howler monkey skeleton!
Casting: Frozen Ramparts (quite dangerous; 26% risk of failure)
Confirm with . or Enter, or press ? or * to list all spells.
Okay, then.
Casting: Frozen Ramparts (quite dangerous; 26% risk of failure)
Confirm with . or Enter, or press ? or * to list all spells.
The spell is quite dangerous to miscast (26% risk of failure)!
Continue anyway?
Casting: Frozen Ramparts (quite dangerous; 26% risk of failure)
Press: ? - help, Dir - look around, f - activate The walls around you are covered in ice.
The wall freezes Zero's ghost.
Zero's ghost hits you.
You are electrocuted!
* * * LOW HITPOINT WARNING * * *
It was a potion of might.
You feel very mighty all of a sudden.
The wall freezes Zero's ghost.
Zero's ghost closely misses you.
You closely miss Zero's ghost. You squeeze Zero's ghost!
Zero's ghost is moderately damaged.
You puncture Zero's ghost! Your squeeze misses Zero's ghost.
Zero's ghost is heavily damaged.
The wall freezes Zero's ghost.
Zero's ghost misses you.
You hit Zero's ghost.
Zero's ghost is heavily damaged.
The wall freezes Zero's ghost but does no damage.
Zero's ghost hits you but does no damage.
You are electrocuted!
You die...
Your body crumbles into a pile of gold.

#....# #.........# #(##.#
#...^.###.## #.##.#
##....# #...
#.##.##########.<..###.##
#.##............#......#
#<###############.######
#.# #.#
#.###############.#
#.##...W@.........######
#.##...####............#
#.##.#.####.##########.#
########.##.....##.#
####.#
#..).....##..W..##.#
##.##.##
#.##########'''###.#
###....... ##.#
#.......#.# #....##.##
...# ##...Z.##.#
#.#####.## ####
#..?....#.####.# #.##


You could see Zero's ghost.

Vanquished Creatures
  Eustachio (D:4)
  A black bear (D:4)
  A phantom (D:3)
  2 water moccasin zombies (Ossuary)
  A bullfrog zombie (D:4)
  A jelly (D:4)
  A hound (D:4)
  An orc priest (D:4)
  An iguana (D:3)
  An orc wizard (D:4)
  2 mummies (Ossuary)
  A gnoll (D:1)
  A howler monkey skeleton (D:4)
  3 adders
  6 adder zombies (Ossuary)
  A worm (D:2)
  A dart slug (D:3)
  9 orcs
  7 ball pythons
  5 endoplasms
  2 giant cockroaches
  4 goblins
  2 hobgoblins
  3 jackals (D:1)
  4 quokkas
  6 bats
  A frilled lizard (D:3)
  3 gnoll zombies (Ossuary)
  2 hobgoblin zombies (Ossuary)
  9 kobolds
  5 kobold zombies (Ossuary)
  2 orc zombies (Ossuary)
  2 rats (D:1)
92 creatures vanquished.

Notes
Turn   | Place    | Note
-------+----------+-------------------------------------------
     0 | D:1      | Devinter the Octopode Brigand began the quest for the Orb.
     0 | D:1      | Reached XP level 1. HP: 14/14 MP: 1/1
   239 | D:1      | Reached XP level 2. HP: 19/19 MP: 2/2
   499 | D:1      | Reached skill level 6 in Stealth
   499 | D:1      | Reached XP level 3. HP: 24/24 MP: 3/3
   532 | D:1      | Found a faded altar of an unknown god.
   856 | D:2      | Reached skill level 3 in Short Blades
  1579 | D:3      | Noticed a phantom
  1597 | D:3      | Killed a phantom
  1598 | D:3      | Reached skill level 7 in Stealth
  1598 | D:3      | Reached XP level 4. HP: 13/29 MP: 4/4
  1598 | D:3      | Reached XP level 5. HP: 15/34 MP: 5/5
  1628 | D:3      | Reached skill level 4 in Short Blades
  2305 | D:4      | Found a sand-covered staircase.
  2313 | Ossuary  | Entered an ossuary
  2335 | Ossuary  | Reached skill level 1 in Spellcasting
  2335 | Ossuary  | Reached skill level 1 in Ice Magic
  2335 | Ossuary  | Reached XP level 6. HP: 27/39 MP: 5/7
  2522 | Ossuary  | Reached skill level 8 in Stealth
  2575 | D:4      | Noticed Eustachio
  2596 | D:4      | HP: 3/39 [orc/+0 hand axe (7)]
  2692 | D:4      | Found a staircase to the Ecumenical Temple.
  2717 | D:4      | Reached skill level 2 in Ice Magic
  2717 | D:4      | Reached XP level 7. HP: 15/45 MP: 9/9
  2727 | Temple   | Entered the Ecumenical Temple
  2727 | Temple   | Found a transporter.
  2727 | Temple   | Found a transporter.
  2729 | Temple   | Found a transporter.
  2729 | Temple   | Found a transporter.
  2859 | Temple   | Became a worshipper of Gozag Ym Sagoz the Greedy
  2928 | D:4      | Reached skill level 2 in Spellcasting
  2935 | D:4      | Reached skill level 5 in Short Blades
  2954 | D:4      | Learned a level 3 spell: Frozen Ramparts
  3316 | D:4      | Killed Eustachio
  3317 | D:4      | Reached skill level 9 in Stealth
  3389 | D:4      | Found a runed translucent gate.
  3389 | D:4      | Found a runed translucent gate.
  3390 | D:4      | Found a runed translucent gate.
  3393 | D:4      | Noticed Zero's ghost (novice DEFE)
  3413 | D:4      | Slain by Zero's ghost

Illustrated notes

Levels and vault maps discovered:
D:1:      lemuel_arrival_broad_hall, layout_basic,
          shapermc_ecumenical_altar_notcrosses
D:2:      layout_loops_ring, st_stairs_6, corexii_item_surrounded_by_moat,
          hangedman_decor_lopped, uniq_crazy_yiuf_cottage
D:3:      layout_loops_ring, chequers_arboretum
D:4:      layout_loops_ring, minmay_temple_entry_nine_rooms, enter_ossuary_1,
          gammafunk_ghost_necromancy, uniq_eustachio
Temple:   hellmonk_temple_divided_pantheon

Skill      XL: |  1  2  3  4  5  6  7 |
---------------+----------------------+-----
Stealth        | 6 7 8 9 |  9.2
Short Blades   | 3 4 5 |  5.0
Spellcasting   | 1 2 |  2.4
Ice Magic      | 1 2 |  2.5
Fighting       | |  2.5
Throwing       | |  2.0
Dodging        | |  1.0

Action                   |  1- 3 |  4- 6 |  7- 9 || total
-------------------------+-------+-------+-------++-------
Melee: Dagger            |    57 |   100 |    31 ||   188
       Constrict         |    11 |    23 |     5 ||    39
       Tentacles         |     9 |    25 |    10 ||    44
       Punch             |       |     2 |       ||     2
Throw: Dart              |    10 |     2 |     3 ||    15
 Cast: Frozen Ramparts   |       |       |     2 ||     2
Evoke: Wand              |     3 |       |       ||     3
  Use: Potion            |       |     3 |     1 ||     4
 Stab: Sleeping          |    11 |    20 |     4 ||    35
       Distracted        |     1 |       |       ||     1
       Paralysed         |     1 |       |       ||     1
Armor: Skin              |     4 |     4 |     5 ||    13
Dodge: Dodged            |    25 |    45 |    14 ||    84

Table legend: (Time is in decaauts)
 A = Elapsed time spent in this place.
 B = Non-inter-level travel time spent in this place.
 C = Inter-level travel time spent in this place.
 D = Time resting spent in this place.
 E = Time spent auto-exploring this place.
 F = Levels seen in this place.
 G = Mean time per level.
                   A        B        C        D        E       F      G
               +--------+--------+--------+--------+--------+-----+--------+
         Total |   3374 |   3312 |     62 |    392 |   1142 |   6 |  562.3 |
       Dungeon |   2982 |   2920 |     62 |    191 |   1142 |   4 |  745.5 |
        Temple |    156 |    156 |      0 |    109 |      0 |   1 |  156.0 |
       Ossuary |    235 |    235 |      0 |     92 |      0 |   1 |  235.0 |
               +--------+--------+--------+--------+--------+-----+--------+

Top non-repeatable levels by time:
     D:3: 799 daAuts
     D:4: 742 daAuts
     D:1: 733 daAuts
     D:2: 706 daAuts
 Ossuary: 235 daAuts
  Temple: 156 daAuts
